 Dungeon Sprint DCSS version 0.31.0-12-g77e489cdc1 (webtiles) character file.

Game seed: 14666357640969103365

444 Minsecho the Fighter (level 7, -1/66 HPs)
             Began as a Barachi Fighter on Feb 18, 2024.
             Was an Initiate of Wu Jian.
             Slain by a slime creature (15 damage)
             ... in the Dungeon (Sprint I: "Red Sonja").
             The game lasted 00:01:56 (476 turns).

Minsecho the Fighter (Barachi Fighter)               Turns: 476, Time: 00:01:57

Health: -1/66      AC:  8    Str: 17    XL:     7   Next: 3%
Magic:  7/7        EV:  9    Int:  9    God:    Wu Jian [......]
Gold:   297        SH:  6    Dex: 13    Spells: 6/6 levels left

rFire   . . .        a - +0 long sword
rCold   . . .        c - +0 buckler
rNeg    . . .        b - +0 scale mail
rPois   .            (no helmet)
rElec   .            (no cloak)
rCorr   .            (no gloves)
SInv    .            (no boots)
Will    .....        (no amulet) Stlth
                     (no ring)
HPRegen 0.31/turn    (no ring)
MPRegen 0.10/turn

%: no teleportation
@: unable to hop, slow
A: amphibious, slowness 1, strong legs 1, +LOS
a: Hop, Renounce Religion


You were in the Dungeon.
You worshipped Wu Jian.
Wu Jian was noncommittal.
You visited 1 branch You collected 297 gold pieces.

Inventory:

Hand Weapons
 a - a +0 long sword (weapon)
Armour
 b - a +0 scale mail (worn)
 c - a +0 buckler (worn)
 i - a +2 robe of resistance
Wands
 f - a wand of quicksilver (5)
Scrolls
 j - a scroll of blinking
Potions
 d - a potion of might
 e - 2 potions of curing
 g - a potion of haste
 h - 2 potions of magic


   Skills:
 + Level 10.2 Fighting
 + Level 8.6 Long Blades
 + Level 9.5 Armour
 + Level 1.1 Dodging
 + Level 8.0 Shields


You had 6 spell levels left.
You didn't know any spells.
Your spell library was empty.

Dungeon Overview and Level Annotations

Branches:
Dungeon (1/1)

Altars:
Cheibriados
Dithmenos
Elyvilon
Fedhas
Gozag
Hepliaklqana
Kikubaaqudgha
Makhleb
Nemelex Xobeh
Okawaru
Qazlal
Ru
Sif Muna
Trog
Uskayaw
Vehumet
Wu Jian
Xom
Yredelemnul
Zin
The Shining One
Jiyva
Lugonu

Shops:
D =


Innate Abilities, Weirdness & Mutations

You are amphibious.
You cover ground slowly.
You can hop short distances.
You have an extended range of vision and can be seen from far away.


Message History

r - Retreat! s - Stop attacking. g - Guard the area. f - Follow me.
Anything else - Cancel.
You croak for attention!
You see here a +0 leather armour.
There is an ornate altar of the Wu Jian Council here.
The slime creature quivers.
There is a radiant altar of Vehumet here.
There is an open door here.
You see here a yak skeleton.
You hit the slime creature.
The slime creature is lightly wounded.
The slime creature hits you!
You slash the slime creature!
The slime creature is lightly wounded.
The slime creature hits you!! You block the slime creature's attack.
There is an open door here.
You see here a yak skeleton.
Okay, then.
There is an open door here.
Hop to where?
Press: ? - help, Dir - move target Boing!
The slime creature hits you! The slime creature hits you!
* * * LOW HITPOINT WARNING * * *
There is an ornate altar of the Wu Jian Council, spattered with blood here.
The slime creature attacks as it pursues you!
The slime creature hits you but does no damage.
The slime creature attacks as it pursues you!
The slime creature barely misses you.
You see here a +0 leather armour.
There is an open door here.
The slime creature attacks as it pursues you!
You block the slime creature's attack.
There is an open door here.
The slime creature hits you but does no damage.
The slime creature attacks as it pursues you!
The slime creature hits you!
You die...

###################
#<.#..)..#..'..#__#
#..)..#..'@J#..'..+
#..#####'#####'#__#
#..## #..#...#[####
#..#__####..##.#
#..#_____##'#_.+
#⌠⌠#_.∩...÷..._#
####_..__##_.#+#
#_____###+# #######


You could see a slime creature.

Vanquished Creatures
  Sigmund (D)
  A yak (D)
  An ogre (D)
  A jelly (D)
  Ijyb (D)
5 creatures vanquished.

Notes
Turn   | Place    | Note
-------+----------+-------------------------------------------
     0 | D        | Minsecho the Barachi Fighter began the quest for the Orb.
     0 | D        | Reached XP level 1. HP: 18/18 MP: 1/1
     1 | D        | Noticed Ijyb
    11 | D        | Killed Ijyb
    12 | D        | Reached skill level 5 in Fighting
    12 | D        | Reached skill level 5 in Armour
    12 | D        | Reached XP level 2. HP: 20/27 MP: 2/2
    12 | D        | Reached XP level 3. HP: 25/33 MP: 3/3
    39 | D        | Noticed an ogre
    44 | D        | Killed an ogre
    45 | D        | Reached skill level 7 in Fighting
    45 | D        | Reached skill level 5 in Long Blades
    45 | D        | Reached XP level 4. HP: 35/43 MP: 4/4
    75 | D        | Noticed Sigmund
    92 | D        | Killed Sigmund
    93 | D        | Reached skill level 9 in Fighting
    93 | D        | Reached XP level 5. HP: 33/52 MP: 5/5
    93 | D        | Reached XP level 6. HP: 37/58 MP: 6/6
   171 | D        | Found a shimmering blue altar of Sif Muna.
   172 | D        | Found an ornate altar of the Wu Jian Council.
   173 | D        | Found a radiant altar of Vehumet.
   201 | D        | Found Mimuh's Jewellery Emporium.
   201 | D        | Found an ancient bone altar of Kikubaaqudgha.
   201 | D        | Found a hazy altar of Hepliaklqana.
   201 | D        | Found a hide-covered altar of Uskayaw.
   201 | D        | Found a basalt altar of Yredelemnul.
   201 | D        | Found an opulent altar of Gozag.
   201 | D        | Found a snail-covered altar of Cheibriados.
   201 | D        | Found a sacrificial altar of Ru.
   201 | D        | Found a shadowy altar of Dithmenos.
   201 | D        | Noticed a yak
   215 | D        | Killed a yak
   216 | D        | Reached skill level 10 in Fighting
   216 | D        | Reached skill level 1 in Dodging
   216 | D        | Reached XP level 7. HP: 53/66 MP: 7/7
   216 | D        | Found a stormy altar of Qazlal.
   216 | D        | Found a blossoming altar of Fedhas.
   216 | D        | Found a bloodstained altar of Trog.
   216 | D        | Found an iron altar of Okawaru.
   216 | D        | Found a glowing golden altar of the Shining One.
   216 | D        | Found a glowing silver altar of Zin.
   216 | D        | Found a white marble altar of Elyvilon.
   217 | D        | Found a sparkling altar of Nemelex Xobeh.
   224 | D        | Became a worshipper of the Wu Jian Council
   254 | D        | Found a viscous altar of Jiyva.
   254 | D        | Found a corrupted altar of Lugonu.
   254 | D        | Noticed a slime creature
   255 | D        | Found a burning altar of Makhleb.
   255 | D        | Found a shimmering altar of Xom.
   476 | D        | Slain by a slime creature

Illustrated notes

Levels and vault maps discovered:
D:        dungeon_sprint_1 [red_sonja_temple_1, red_sonja_temple_small_1]

Skill      XL: |  1  2  3  4  5  6 |
---------------+-------------------+-----
Fighting       | 5 7 9 10 | 10.2
Long Blades    | 3 5 7 8 |  8.6
Armour         | 5 6 8 9 |  9.5
Shields        | 4 6 7 8 |  8.0
Dodging        | 1 |  1.1

Action                     |  1- 3 |  4- 6 |  7- 9 || total
---------------------------+-------+-------+-------++-------
  Melee: Long sword        |     9 |    30 |     8 ||    47
Ability: Hop               |       |       |     2 ||     2
  Evoke: Wand              |     1 |       |     2 ||     3
    Use: Potion            |     2 |       |       ||     2
 Armour: Scale mail        |     2 |    17 |    14 ||    33
  Dodge: Dodged            |     5 |    11 |     3 ||    19
  Block: Buckler           |       |     5 |     2 ||     7
